 Dungeon Crawl Stone Soup version 0.23.2-40-g277498a (webtiles) character file.

Game seed: 7961415919318929168

190 Aphrodieselac the Charmwright (level 5, -1/38 HPs)
             Began as a Merfolk Skald on Sept 3, 2019.
             Slain by Natasha (6 damage)
             ... on level 3 of the Dungeon.
             The game lasted 00:10:13 (3176 turns).

Aphrodieselac the Charmwright (Merfolk Skald)       Turns: 3176, Time: 00:10:13

Health: -1/38      AC:  3    Str: 11    XL:     5   Next: 69%
Magic:  2/8        EV: 12    Int: 13    God:
Gold:   142        SH:  0    Dex: 14    Spells: 3/8 levels left

rFire    . . .     SeeInvis .   a - +0 spear
rCold    . . .     Gourm    .   (no shield)
rNeg     . . .     Faith    .   h - +0 leather armour
rPois    .         Spirit   .   (no helmet)
rElec    .         Reflect  .   (no cloak)
rCorr    .         Harm     .   (no gloves)
MR       .....                  (no boots)
Stlth    +.........             (no amulet)
HPRegen  0.12/turn              (no ring)
MPRegen  0.11/turn              (no ring)

@: infused
A: change form in water, swift swim, stealthy swim
a: no special abilities


You were on level 3 of the Dungeon.
You were not hungry.

You visited 1 branch of the dungeon, and saw 3 of its levels.

You collected 142 gold pieces.

Inventory:

Hand Weapons
 a - a +0 spear (weapon)
 b - a +0 hunting sling
 u - a +0 blowgun
Missiles
 e - 41 sling bullets
 v - 17 poisoned needles
Armour
 h - a +0 leather armour (worn)
Jewellery
 r - an uncursed amulet of the acrobat {unknown}
 t - a cursed ring of teleportation {unknown}
Wands
 p - a wand of polymorph (8)
Scrolls
 f - 4 scrolls of identify {unknown}
 g - a scroll of random uselessness {unknown}
 k - a scroll of magic mapping {unknown}
 l - a scroll of fog {unknown}
Potions
 c - a potion of resistance {unknown}
 i - a potion of curing {unknown}
 j - a potion of agility {unknown}
 m - a potion of heal wounds {unknown}
 n - 2 potions of might {unknown}
 o - a potion of lignification {unknown}
 q - a potion of flight {unknown}
 s - a potion of invisibility {unknown}
Comestibles
 d - 8 rations
 w - 2 chunks of flesh


   Skills:
 - Level 2.1 Fighting
 + Level 5.2 Polearms
 - Level 0.6 Armour
 - Level 2.6 Dodging
 - Level 2.0 Spellcasting
 * Level 5.9 Charms


You had 3 spell levels left.
You knew the following spells:

 Your Spells              Type           Power        Failure   Level  Hunger
a - Infusion              Chrm           ###.         3%          1    ##.....
b - Song of Slaying       Chrm           ###.....     4%          2    ###....
c - Shroud of Golubria    Chrm/Tloc      #.........   16%         2    ###....

Your spell library contained the following spells:

 Spells                   Type           Power        Failure   Level  Hunger
 Regeneration             Chrm/Necr      #.........   30%         3    ####...
 Spectral Weapon          Hex/Chrm       #.......     30%         3    ####...


Dungeon Overview and Level Annotations

Branches:
Dungeon (3/15)

Altars:
Elyvilon
Kikubaaqudgha
Nemelex Xobeh
Uskayaw

Annotations:
D:3 1 transporter, Natasha


Message History

* * * LOW HITPOINT WARNING * * *
Attack whom?
Press: ? - help, Dir - move target cursor, f - Natasha
Aim: Natasha, carrying a wand of flame (16)
You reach to attack!
You hit Natasha.
Natasha is moderately wounded.
Attack whom?
Press: ? - help, Dir - move target cursor, f/p - Natasha
Aim: Natasha, carrying a wand of flame (16) (moderately wounded)
You closely miss Natasha.
Natasha is moderately wounded.
Natasha stares at you and mumbles some strange words.
You resist with some effort.
You hit Natasha.
Natasha is heavily wounded.
Your shroud begins to fray at the edges.
You hit Natasha.
Natasha is severely wounded.
Natasha claws you.
You die...

#.# #.# #####.# ###
#.....# #.. ######÷#####
#.# #........# #.#
#........# #.# #...((...#
####.# #...@....# #))..#
♣≈≈≈..h....# #.####
#.P≈≈P≈......# #.#
#.♣P≈≈.......#######.####
# ###........'...........
.....(...###.########
##...>..... #........#.


You could see Natasha.

Vanquished Creatures
  Terence (D:3)
  Jessica (D:3)
  Natasha (twice) (D:3)
  An adder (D:3)
  An ooze (D:3)
  2 dart slugs
  3 leopard geckos
  4 giant cockroaches
  7 goblins
  9 hobgoblins
  10 jackals
  7 kobolds
  2 quokkas
  3 ball pythons
  5 bats
  5 frilled lizards
  2 rats
65 creatures vanquished.

Notes
Turn   | Place    | Note
-------+----------+-------------------------------------------
     0 | D:1      | Aphrodieselac the Merfolk Skald began the quest for the
                  | Orb.
     0 | D:1      | Reached XP level 1. HP: 16/16 MP: 3/3
   211 | D:1      | Reached XP level 2. HP: 11/22 MP: 0/5
   733 | D:1      | Reached XP level 3. HP: 20/27 MP: 6/6
  1381 | D:2      | Noticed a +0 dagger
  1381 | D:2      | Noticed a +0 dagger
  1384 | D:2      | Found a hide-covered altar of Uskayaw.
  1738 | D:2      | Found a white marble altar of Elyvilon.
  2024 | D:2      | Learned a level 2 spell: Song of Slaying
  2027 | D:2      | Learned a level 2 spell: Shroud of Golubria
  2056 | D:3      | Reached XP level 4. HP: 28/33 MP: 7/7
  2128 | D:3      | Found an ancient bone altar of Kikubaaqudgha.
  2188 | D:3      | Found a sparkling altar of Nemelex Xobeh.
  2188 | D:3      | Found a transporter.
  2189 | D:3      | Noticed a wyvern
  2273 | D:3      | Noticed Natasha
  2284 | D:3      | Killed Natasha
  2284 | D:3      | Reached skill level 5 in Charms
  2546 | D:3      | Noticed Jessica
  2554 | D:3      | Killed Jessica
  2554 | D:3      | Reached XP level 5. HP: 38/38 MP: 2/8
  2768 | D:3      | Noticed Natasha
  2781 | D:3      | Killed Natasha
  2781 | D:3      | Reached skill level 5 in Polearms
  3061 | D:3      | Noticed Terence
  3103 | D:3      | Killed Terence
  3167 | D:3      | Noticed Natasha
  3176 | D:3      | Slain by Natasha

Skill      XL: |  1  2  3  4  5 |
---------------+----------------+-----
Charms         | 4 5 |  5.9
Polearms       | 4 5 |  5.2
Fighting       | |  2.1
Armour         | |  0.6
Dodging        | |  2.6
Spellcasting   | |  2.0

Action                   |  1- 3 |  4- 6 || total
-------------------------+-------+-------++-------
Melee: Spear             |   196 |    88 ||   284
 Fire: Blowgun           |       |     4 ||     4
 Cast: Infusion          |     4 |     7 ||    11
       Shroud of Golubri |       |     5 ||     5
 Stab: Sleeping          |     1 |     1 ||     2
  Eat: Chunk             |     4 |     4 ||     8
Armor: Leather armour    |    36 |     5 ||    41
Dodge: Dodged            |    98 |    28 ||   126
